 Dungeon Crawl Stone Soup version 0.18-a0-1570-gf60b0ab (webtiles) character file.

59 Ijustatesigmund the Insei (level 4, 0/30 HPs)
             Began as an Octopode Transmuter on Mar 14, 2016.
             Slain by a bat (1 damage)
             ... on level 2 of the Dungeon.
             The game lasted 00:02:11 (1665 turns).

Ijustatesigmund the Insei (Octopode Transmuter)     Turns: 1665, Time: 00:02:11

Health: 0/30       AC:  1    Str:  9    XL:     4   Next: 3%
Magic:  7/7        EV: 12    Int: 16    God:
Gold:   17         SH:  0    Dex: 12    Spells: 3 memorised, 1 level left

rFire  . . .     SeeInvis .       - Unarmed
rCold  . . .     Gourm    .     (no shield)
rNeg   . . .     Faith    .     (helmet restricted)
rPois  .         Spirit   .     (no amulet)
rElec  .         Dismiss  .     (no ring)
rCorr  .         Reflect  .     (no ring)
SustAt .         Harm     .     (no ring)
MR     .....                    (no ring)
Stlth  ++........               (no ring)
                                (no ring)
                                (no ring)
                                (no ring)

@: flying, slowed, very slow, not resistant to hostile enchantments, unstealthy
A: almost no armour, amphibious, 8 rings, constrict 8, camouflage 1, gelatinous
body 1
a: no special abilities


You were on level 2 of the Dungeon.
You were not hungry.

You visited 1 branch of the dungeon, and saw 2 of its levels.

You collected 17 gold pieces.

Inventory:

Missiles
 a - 12 arrows
Potions
 e - a potion of flight
Books
 b - a book of Changes

   Spells                             Type                      Level
   a - Beastly Appendage              Transmutation                1
   b - Sticks to Snakes               Transmutation                2
   c - Spider Form                    Transmutation/Poison         3
   d - Ice Form                       Ice/Transmutation            4
   e - Blade Hands                    Transmutation                5
Comestibles
 c - a bread ration
 f - 4 fruits


   Skills:
 + Level 2.6 Fighting
 - Level 2.0 Dodging
 + Level 3.6 Unarmed Combat
 - Level 2.0 Spellcasting
 - Level 2.0 Transmutations
 + Level 1.4 Poison Magic


You had one spell level left.
You knew the following spells:

 Your Spells              Type           Power        Failure   Level  Hunger
a - Beastly Appendage     Trmt           #.....       10%         1    #......
b - Sticks to Snakes      Trmt           #.......     14%         2    ###....
c - Spider Form           Trmt/Pois      #.........   34%         3    ###....


Dungeon Overview and Level Annotations

Branches:
Dungeon (2/15)

Altars:


Innate Abilities, Weirdness & Mutations

You cannot wear most types of armour.
You are amphibious.
You can wear up to eight rings at the same time.
You can use your tentacles to constrict eight enemies at once.
Your skin changes colour to match your surroundings (Stealth).
Your rubbery body absorbs attacks (AC +1).


Message History

You kill Natasha!
Moaning pathetically, Natasha's spirit plunges into the ground.
Your Poison Magic skill increases to level 1!
You have reached level 4!
The bat hits you.
* * * LOW HITPOINT WARNING * * *
The giant gecko bites you.
* * * LOW HITPOINT WARNING * * *
The goblin shoots a stone.
The stone hits you.
* * * LOW HITPOINT WARNING * * *
The giant gecko barely misses you.
Read which item? (? for menu, Esc to quit)
Okay, then.
Drink which item? (? for menu, Esc to quit)
Okay, then.
The goblin shoots a stone.
The stone closely misses you.
The stone closely misses the bat.
The bat closely misses you. The giant gecko barely misses you.
The bat hits you.
You die...

#.............
##.............
#......g.......
.#.#............
....<........$.#
........).....## .#
.........(.....# ..
........(l.....######.#...
...........b@...<.†.†..<...
....>.....(..............#
#..##....................#
#..#....................##
#..#.##.................#
#..........#...........#
#..>...................#
#....(.....#......###.##
#..........######$.# ..


You could see a giant gecko, a goblin and a bat.

Vanquished Creatures
  Natasha (D:2)
  2 dart slugs (D:1)
  2 giant geckos (D:1)
  A ball python (D:1)
  A goblin (D:1)
  5 hobgoblins
  2 jackals (D:1)
  5 kobolds
  5 bats
  4 rats (D:1)
28 creatures vanquished.

Notes
Turn   | Place    | Note
--------------------------------------------------------------
     0 | D:1      | Ijustatesigmund the Octopode Transmuter began the quest for the Orb.
     0 | D:1      | Reached XP level 1. HP: 13/13 MP: 3/3
   466 | D:1      | Reached XP level 2. HP: 15/18 MP: 5/5
   470 | D:1      | Learned a level 2 spell: Sticks to Snakes
  1020 | D:1      | Reached XP level 3. HP: 24/24 MP: 4/6
  1025 | D:1      | Learned a level 3 spell: Spider Form
  1652 | D:2      | Noticed Natasha
  1663 | D:2      | Killed Natasha
  1663 | D:2      | Reached skill level 1 in Poison Magic
  1663 | D:2      | Reached XP level 4. HP: 4/30 MP: 7/7
  1663 | D:2      | HP: 1/30 [goblin/stone (2)]
  1665 | D:2      | Slain by a bat

Vault maps used:
D:1:      dpeg_arrival_central, st_stairs_12
D:2:      uniq_natasha, uniq_jessica

Skill      XL: |  1  2  3 |
---------------+----------+-----
Fighting       | 2 |  2.6
Poison Magic   | 1 |  1.4
Dodging        | |  2.0
Unarmed Combat | |  3.6
Spellcasting   | |  2.0
Transmutations | |  2.0

Action                   |  1- 3 |  4- 6 || total
-------------------------+-------+-------++-------
Melee: Unarmed           |    79 |       ||    79
 Cast: Beastly Appendage |     7 |       ||     7
  Use: Scroll            |     1 |       ||     1
       Potion            |     2 |       ||     2
 Stab: Sleeping          |     1 |       ||     1
  Eat: Royal jelly       |     1 |       ||     1
